 Dungeon Crawl Stone Soup version 0.22.0-32-gbc6daba (webtiles) character file.

72 Monsterracer the Sneak (level 4, 0/26 HPs)
             Began as a Kobold Wanderer on Aug 24, 2018.
             Slain by an orc wizard
             ... wielding a +0 dagger
              (1 damage)
             ... on level 3 of the Dungeon.
             The game lasted 00:02:51 (2670 turns).

Monsterracer the Sneak (Kobold Wanderer)            Turns: 2670, Time: 00:02:52

Health: 0/26       AC:  6    Str:  8    XL:     4   Next: 48%
Magic:  4/4        EV: 12    Int: 12    God:
Gold:   156        SH:  0    Dex: 17    Spells: 3/3 levels left

rFire    . . .     SeeInvis .     - Unarmed
rCold    . . .     Gourm    .   (shield restricted)
rNeg     + . .     Faith    .   n - +1 ring mail
rPois    .         Spirit   .   (no helmet)
rElec    .         Reflect  .   (no cloak)
rCorr    .         Harm     .   (no gloves)
MR       .....                  (no boots)
Stlth    ++........             (no amulet)
HPRegen  0.08/turn              e - ring of positive energy
MPRegen  0.09/turn              k - ring of wizardry

@: no status effects
A: small, carnivore
a: no special abilities


You were on level 3 of the Dungeon.
You were very full.

You visited 1 branch of the dungeon, and saw 3 of its levels.

You collected 156 gold pieces.

Inventory:

Armour
 n - a +1 ring mail (worn)
Jewellery
 e - a ring of positive energy (left hand)
 k - a ring of wizardry (right hand)
Wands
 m - a wand of scattershot (8)
Scrolls
 d - 2 scrolls of teleportation {!r}
 i - a scroll of fear {!r}
Potions
 a - a potion of berserk rage {!q}
 g - 2 potions of curing
Comestibles
 c - a ration


   Skills:
 + Level 2.1 Fighting
   Level 2.4 Polearms
 - Level 1.2 Dodging
 - Level 5.3 Stealth
 * Level 3.8 Unarmed Combat


You had 3 spell levels left.
You didn't know any spells.
Your spell library was empty.

Dungeon Overview and Level Annotations

Branches:
Dungeon (3/15)

Altars:


Innate Abilities, Weirdness & Mutations

You are small and have problems with some larger weapons.
You are carnivorous and can eat meat at any time.


Message History

You hit the orc wizard.
The orc wizard is severely wounded.
The orc wizard casts a spell at you. The puff of flame hits you!
* * * LOW HITPOINT WARNING * * *
The orc wizard casts a spell.
The orc wizard seems to speed up.
You take 4 damage, and have 4/21 hp.
You hit the orc wizard but do no damage.
The orc wizard is severely wounded.
The orc wizard barely misses you.
Okay, then.
It was a potion of magic.
Magic courses through your body.
You barely miss the orc. The orc hits you but does no damage.
You feel much better. The orc hits you.
You regained 12 hp, and now have 16/21 hp.
You closely miss the orc. The orc closely misses you.
You hit the orc but do no damage. The orc closely misses you.
You hit the orc.
The orc is severely wounded.
The orc wizard gestures wildly while chanting.
The orc wizard flickers and vanishes!
Deactivating autopickup; reactivate with Ctrl-A.
The orc misses you.
You barely miss the orc.
The orc is heavily wounded.
The orc barely misses you.
You hit the orc.
You kill the orc!
The orc wizard barely misses you.
You hit the orc wizard.
The orc wizard is severely wounded.
The orc wizard closely misses you.
You hit the orc wizard but do no damage.
The orc wizard is severely wounded.
The orc wizard hits you but does no damage.
The orc wizard barely misses you.
You barely miss the orc wizard.
The orc wizard is severely wounded.
The orc wizard hits you with a dagger.
You take 2 damage, and have 14/21 hp.
You hit the orc wizard. Your punch misses the orc wizard.
The orc wizard is almost dead.
The orc wizard hits you with a dagger. The orc wizard casts a spell at you.
The magic dart hits you!
* * * LOW HITPOINT WARNING * * *
You take 9 damage, and have 5/21 hp.
MASSIVE DAMAGE!!
You closely miss the orc wizard.
The orc wizard is almost dead.
The orc wizard begins to cast a cantrip, but forgets the words!
You hit the orc wizard.
You kill the orc wizard!
Your Fighting skill increases to level 2!
You have reached level 4!
The orc throws a tomahawk.
You hear some strange, mumbled words.
A puff of flame appears from out of thin air!
The puff of flame misses you.
You regained 2 hp, and now have 7/26 hp.
MP restored: 4 Something hits you but does no damage.
The orc throws a tomahawk.
The tomahawk barely misses you. Something hits you.
* * * LOW HITPOINT WARNING * * *
Things that are here:
a dagger; a robe; a falchion You take 3 damage, and have 4/26 hp.
You barely miss something. Something hits you but does no damage.
You closely miss something. Something hits you.
* * * LOW HITPOINT WARNING * * *
The orc throws a tomahawk.
The tomahawk misses you.
You take 1 damage, and have 3/26 hp.
You feel better. Something hits you but does no damage.
The orc throws a tomahawk.
The tomahawk hits you but does no damage.
Something hits you but does no damage.
You regained 9 hp, and now have 12/26 hp.
You miss something. Something hits you.
* * * LOW HITPOINT WARNING * * *
The orc throws a tomahawk.
The tomahawk barely misses you.
You hit something.
You hear some strange, mumbled words.
A puff of frost appears from out of thin air!
The puff of frost hits you! Something hits you but does no damage.
You take 4 damage, and have 8/26 hp.
You miss something. Something hits you but does no damage.
You closely miss something. Something barely misses you.
Unknown command.
You miss something. Something hits you.
* * * LOW HITPOINT WARNING * * *
You miss something. Something hits you but does no damage. Something hits you.
* * * LOW HITPOINT WARNING * * *
You take 8 damage, and have 1/26 hp.
MASSIVE DAMAGE!!
You hit something but do no damage. Something hits you but does no damage.
Unknown command.
You hit something but do no damage. Something hits you but does no damage.
You hit something.
Something hits you but does no damage. x2
You closely miss something. Something hits you but does no damage.
You hit something. Something hits you.
You die...

,,,,*,* *,,,,,* **,,,,,**
**,,,,* #.,.#.# **,,,,,,,**
**,,,********#.#...***,,,,,,,,,*
*,,,,,,,,,,,......,,+,,,,,,,,,+
**,,,********#....,***,,,,,<,,,*
**,,,,* #...#,* **,,,,,,,**
,,,,,** *.o.,,* **,,,,,** **,,,*
*#{#*** **,,,** **,,* #@# **+**
*,** #.# *,* **,* #.# *,* **,,*
#.# **,** ,,,,* #.#********,,,**
***,* #(#*,,,,,,,,,,,*** * *,*
#.#>,,,,,,,,,,,,,, ***,*
#.#,,*****,,,,**** ,,,,*
#..,,,,,,,,,*,*


You could see an orc.

Vanquished Creatures
  An orc wizard (D:3)
  An adder (D:2)
  2 dart slugs (D:1)
  2 leopard geckos
  2 orcs (D:3)
  A giant cockroach (D:2)
  6 hobgoblins
  A ball python (D:2)
  2 bats (D:1)
  3 frilled lizards
  5 kobolds
  3 rats
29 creatures vanquished.

Notes
Turn   | Place    | Note
-------+----------+-------------------------------------------
     0 | D:1      | Monsterracer the Kobold Wanderer began the quest for the Orb.
     0 | D:1      | Monsterracer set off with: a potion of berserk rage {!q}, a potion of heal wounds, a ration, a +0 spear, a +0 robe, a +0 dagger, a potion of curing
     0 | D:1      | Reached XP level 1. HP: 10/10 MP: 1/1
    68 | D:1      | HP: 5/10 [hobgoblin (4)]
   305 | D:1      | HP: 2/11 [hobgoblin/club (6)]
   620 | D:1      | Reached XP level 2. HP: 16/16 MP: 2/2
   758 | D:1      | HP: 7/16 [hobgoblin (5)]
  1064 | D:1      | Reached skill level 1 in Fighting
  1434 | D:1      | HP: 8/16 [hobgoblin (2)]
  1436 | D:1      | Reached XP level 3. HP: 10/20 MP: 3/3
  1951 | D:2      | HP: 10/20 [adder (4)]
  1956 | D:2      | HP: 6/20 [poisoned by an adder]
  1964 | D:2      | HP: 3/20 [poisoned by an adder]
  2119 | D:2      | HP: 10/20 [ball python (1)]
  2636 | D:3      | HP: 10/21 [orc wizard/dagger (2)]
  2640 | D:3      | HP: 4/21 [orc wizard/puff of flame (5)]
  2653 | D:3      | HP: 5/21 [orc wizard/magic dart (6)]
  2655 | D:3      | Reached XP level 4. HP: 7/26 MP: 4/4
  2658 | D:3      | HP: 3/26 [something (1)]
  2664 | D:3      | HP: 5/26 [something (4)]
  2665 | D:3      | HP: 1/26 [something (4)]
  2670 | D:3      | Slain by an orc wizard

Skill      XL: |  1  2  3 |
---------------+----------+-----
Fighting       | 1 2 |  2.1
Unarmed Combat | 3 |  3.8
Polearms       | |  2.4
Dodging        | |  1.2
Stealth        | |  5.3

Action                   |  1- 3 |  4- 6 || total
-------------------------+-------+-------++-------
Melee: Unarmed           |   132 |    13 ||   145
       Punch             |     1 |       ||     1
  Use: Scroll            |     4 |       ||     4
       Potion            |     2 |     1 ||     3
 Stab: Sleeping          |     8 |       ||     8
  Eat: Chunk             |    13 |       ||    13
Armor: Leather armour    |    10 |       ||    10
       Robe              |     1 |       ||     1
       Ring mail         |     5 |    12 ||    17
Dodge: Dodged            |    71 |     5 ||    76

Vault maps used:
D:1:      minmay_arrival_glassed_features, minmay_misc_feat_pillars,
          grunt_decor_resistance
D:3:      cheibrodos_helix_gallery, portal_sewer_entry_e,
          minmay_misc_feat_roman, minmay_stone_trees_medium
